 Dungeon Crawl Stone Soup version 0.23.2-11-gf996548c65 (webtiles) character file.

Game seed: 13941395361324167246

101 2BsUSBport the Poker (level 4, 0/66 HPs)
             Began as a Naga Berserker on June 3, 2019.
             Was a Believer of Trog.
             Slain by a gnoll
             ... wielding a +0 club
              (2 damage)
             ... on level 3 of the Dungeon.
             The game lasted 00:05:33 (2452 turns).

2BsUSBport the Poker (Naga Berserker)               Turns: 2452, Time: 00:05:33

Health: 0/66       AC: 22    Str: 19    XL:     4   Next: 75%
Magic:  4/4        EV:  1    Int:  7    God:    Trog [**....]
Gold:   57         SH:  0    Dex: 12    Spells: 3/3 levels left

rFire    . . .     SeeInvis +   a - +0 spear
rCold    . . .     Gourm    .   (no shield)
rNeg     + + +     Faith    .   (armour currently unavailable)
rPois    +         Spirit   .   (helmet currently unavailable)
rElec    .         Reflect  .   (cloak currently unavailable)
rCorr    .         Harm     .   (gloves currently unavailable)
MR       .....     NoTele   +   (no barding)
Stlth    ++........             (no amulet)
HPRegen  0.21/turn              (no ring)
MPRegen  0.09/turn              (no ring)

@: tree-form
A: large, see invisible, slow metabolism 1, spit poison 1, AC +1
a: Spit Poison, Berserk, Trog's Hand, Renounce Religion


You were on level 3 of the Dungeon.
You worshipped Trog.
Trog was pleased with you.
You were not hungry.
You were a tree.
You visited 1 branch of the dungeon, and saw 3 of its levels.

You collected 57 gold pieces.

Inventory:

Hand Weapons
 a - a +0 spear (weapon)
Armour
 b - a +0 animal skin (melded)
 f - a +0 cloak (melded)
Jewellery
 c - an uncursed ring of fire {unknown}
 e - an uncursed ring of flight {unknown}
Scrolls
 d - a scroll of teleportation
 i - 2 scrolls of magic mapping


   Skills:
 + Level 3.8 Fighting
 + Level 3.9 Polearms
 + Level 1.6 Armour
 + Level 2.3 Dodging
 + Level 1.3 Stealth


You had 3 spell levels left.
You didn't know any spells.
Your spell library was empty.

Dungeon Overview and Level Annotations

Branches:
Dungeon (3/15)

Altars:
Dithmenos
Wu Jian


Innate Abilities, Weirdness & Mutations

You cannot wear boots.
((Your serpentine skin is tough. (AC +1)))
You have supernaturally acute eyesight. (SInv)
((Armour fits poorly on your strangely shaped body.))
((Your system is resistant to poisons. (rPois)))
((You cover ground very slowly.))
You have a slow metabolism.
You can spit poison.


Message History

The gnoll is moderately wounded.
The gnoll hits you but does no damage. x3; The gnoll barely misses you.
You hit the gnoll.
The gnoll is heavily wounded.
The gnoll hits you but does no damage.
The gnoll hits you from afar with a +0 spear.
* * * LOW HITPOINT WARNING * * *
The gnoll hits you but does no damage.
You hit the gnoll but do no damage.
The gnoll is heavily wounded.
The gnoll hits you but does no damage. x4
You closely miss the gnoll.
The gnoll is heavily wounded.
The gnoll hits you but does no damage. The gnoll hits you.
* * * LOW HITPOINT WARNING * * *
The gnoll hits you but does no damage. x2
You closely miss the gnoll.
The gnoll is heavily wounded.
The gnoll hits you with a +0 club.
You die...

######### #.......##
#.####...# #........#
##.......# #....#.##
#......# ###.♣♣.#
#####..♣♣♣#
#.......gg#
#...####gg###
####...........##...
#......#.............
#........###.#.#.....
#....###.#...#.# ....
####.........#.# ###
#.###.##..#.#


You could see 4 gnolls.

Vanquished Creatures
  5 adders
  An ooze (D:2)
  3 worms
  A dart slug (D:2)
  6 giant cockroaches
  7 goblins
  2 hobgoblins
  4 jackals (D:2)
  6 kobolds
  2 bats
  A frilled lizard (D:1)
  5 rats
43 creatures vanquished.

Notes
Turn   | Place    | Note
-------+----------+-------------------------------------------
     0 | D:1      | 2BsUSBport the Naga Berserker began the quest for the Orb.
     0 | D:1      | Reached XP level 1. HP: 21/21 MP: 1/1
   313 | D:1      | Reached XP level 2. HP: 25/28 MP: 2/2
   761 | D:2      | HP: 1/28 [worm (6)]
  1077 | D:2      | Reached XP level 3. HP: 26/34 MP: 3/3
  1701 | D:2      | Reached ** piety under Trog
  1731 | D:2      | Reached XP level 4. HP: 35/44 MP: 4/4
  1876 | D:2      | Reached skill level 1 in Stealth
  2146 | D:2      | Found an ornate altar of the Wu Jian Council.
  2192 | D:2      | Found a shadowy altar of Dithmenos.
  2451 | D:3      | HP: 2/66 [gnoll (3)]
  2452 | D:3      | Slain by a gnoll

Skill      XL: |  1  2  3  4 |
---------------+-------------+-----
Dodging        | 2 |  2.3
Stealth        | 1 |  1.3
Fighting       | |  3.8
Polearms       | |  3.9
Armour         | |  1.6

Action                   |  1- 3 |  4- 6 || total
-------------------------+-------+-------++-------
Melee: Spear             |   146 |    73 ||   219
  Use: Potion            |     3 |     1 ||     4
       Scroll            |     2 |     1 ||     3
 Stab: Sleeping          |       |     1 ||     1
  Eat: Ration            |     2 |       ||     2
Armor: Animal skin       |    25 |     7 ||    32
       Skin              |    84 |    55 ||   139
Dodge: Dodged            |    54 |    25 ||    79
